 Dungeon Crawl Stone Soup version 0.31-a0-803-g95b03c3367 (webtiles) character file.

Game seed: 15334856797146691877

84 hikkokomori the Ruffian (level 4, -3/24 HPs)
             Began as a Draconian Shapeshifter on Sept 20, 2023.
             Slain by an orc
             ... wielding a +1 hand axe of electrocution
              (5 damage)
             ... on level 3 of the Dungeon.
             The game lasted 00:03:37 (2046 turns).

hikkokomori the Ruffian (Draconian Shapeshifter)    Turns: 2046, Time: 00:03:37

Health: -3/24      AC:  5    Str: 18    XL:     4   Next: 24%
Magic:  4/4        EV: 12    Int: 10    God:
Gold:   63         SH:  0    Dex: 11    Spells: 3/3 levels left

rFire   . .          .
                       - Unarmed
rCold   . . .        (shield currently unavailable)
rNeg    . . .        (body armour unavailable)
rPois   .            (helmet restricted)
rElec   .            (no cloak)
rCorr   .            (no gloves)
SInv    .            (no boots)
Will    .....        (no amulet)
Stlth   +            (no ring)
HPRegen 0.24/turn    (no ring)
MPRegen 0.09/turn

%: no passive effects
@: flux-form, glowing
A: glow, contaminating, reduced hp, AC +5, unfitting armour, cold-blooded
a: Begin Untransformation


You were on level 3 of the Dungeon.
You were something dangerously unstable.
You visited 1 branch of the dungeon, and saw 3 of its levels.

You collected 63 gold pieces.

Inventory:

Armour
 e - a +1 hat of stealth
Jewellery
 f - a ring of fire
 m - a +6 ring of intelligence
Talismans
 b - a beast talisman
 c - a flux talisman (active)
Scrolls
 d - a scroll of teleportation {unknown}
 g - a scroll of revelation {unknown}
 h - a scroll of brand weapon {unknown}
 i - 2 scrolls of identify {unknown}
 k - 2 scrolls of poison {unknown}
 l - 2 scrolls of silence {unknown}
 p - a scroll of enchant armour {unknown}
Potions
 a - a potion of lignification
 j - 2 potions of curing {unknown}
 n - a potion of enlightenment {unknown}
 o - 2 potions of ambrosia {unknown}
 q - a potion of heal wounds {unknown}


   Skills:
 + Level 2.4 Fighting
 - Level 1.7 Dodging
 + Level 1.8 Stealth
 + Level 3.6 Unarmed Combat
 + Level 3.4 Shapeshifting


You had 3 spell levels left.
You didn't know any spells.
Your spell library contained the following spells:

 Spells                   Type           Power      Damage    Failure   Level
 Freeze                   Ice            0%         1d3       36%         1
 Slow                     Hex            0%         N/A       36%         1
 Confusing Touch          Hex            0%         N/A       75%         3
 Dazzling Flash           Conj/Hex       0%         N/A       75%         3
 Frozen Ramparts          Ice            0%         1d1       75%         3
 Hailstorm                Conj/Ice       0%         3d3       75%         3
 Sigil of Binding         Hex            0%         N/A       75%         3
 Vampiric Draining        Necr           0%         2d6       75%         3
 Volatile Blastmotes      Fire/Tloc      0%         2d10      75%         3
 Starburst                Conj/Fire      0%         6d3       100%        6
 Maxwell's Capacitive Co  Air            0%         ∞         100%        8


Dungeon Overview and Level Annotations

Branches:
Dungeon (3/15)

Altars:


Innate Abilities, Weirdness & Mutations

You are something dangerously unstable.
You glow with magical radiation, making you easy to see and hit.
Foes you strike become dangerously contaminated with magical radiation.
Your maximum health is decreased, since you lack skill for your form.
You are incapable of wielding weapons or throwing items.
Your plain brown scales are hard. (AC +5)
You cannot fit into any form of body armour.
You are cold-blooded and may be slowed by cold attacks.


Message History

The orc hits you with a +0 short sword.
You hit the orc.
The orc glows dangerously bright.
The orc is almost dead.
The orc barely misses you. The orc closely misses you.
You barely miss the orc.
The orc is almost dead.
The orc hits you with a +0 short sword.
The orc hits you with a +1 hand axe of electrocution.
You are electrocuted!
* * * LOW HITPOINT WARNING * * *
You are too injured to fight recklessly!
You are too injured to fight recklessly!
You are too injured to fight recklessly!
You are too injured to fight recklessly!
You are too injured to fight recklessly!
You are too injured to fight recklessly!
You are too injured to fight recklessly!
You are too injured to fight recklessly!
You are too injured to fight recklessly!
You are too injured to fight recklessly!
You are too injured to fight recklessly!
You are too injured to fight recklessly!
You are too injured to fight recklessly!
You are too injured to fight recklessly!
You are too injured to fight recklessly!
You are too injured to fight recklessly!
You are too injured to fight recklessly!
You are too injured to fight recklessly!
You are too injured to fight recklessly!
You closely miss the orc. The orc hits you but does no damage.
The orc hits you with a +1 hand axe of electrocution.
* * * LOW HITPOINT WARNING * * *
You hit the orc.
The orc begins to glow.
The orc is lightly wounded.
The orc closely misses you. The orc barely misses you.
You hit the orc.
The orc glows dangerously bright.
The orc is moderately wounded.
The orc misses you.
The orc hits you with a +1 hand axe of electrocution.
You die...

#..# ##..#
#...# #.#.# ##
# #.#.# .#
#.### #.#.#
.#######
#....####.#.#
.......#
#..#........#
.#####.#
#....op.....#
<#### .##
#....o###).##
.#.. ..
......# #..#
.#.# .##..#...
#..#
.#.###.#..##.#
...# .........
#. ##>#
.......# . .#
.......# # .#
.......#


You could see 2 orcs.

Vanquished Creatures
  3 adders
  A worm (D:2)
  2 orcs (D:3)
  4 endoplasms
  3 giant cockroaches
  7 goblins
  2 hobgoblins (D:1)
  4 jackals (D:1)
  3 quokkas
  5 ball pythons
  6 bats
  3 frilled lizards
  3 kobolds
  3 rats
49 creatures vanquished.

Notes
Turn   | Place    | Note
-------+----------+-------------------------------------------
     0 | D:1      | hikkokomori the Draconian Shapeshifter began the quest for
                  | the Orb.
     0 | D:1      | Reached XP level 1. HP: 16/16 MP: 1/1
   206 | D:1      | Reached XP level 2. HP: 23/23 MP: 2/2
   554 | D:1      | Reached skill level 1 in Stealth
   958 | D:2      | Reached XP level 3. HP: 18/29 MP: 3/3
  1892 | D:3      | Reached XP level 4. HP: 23/36 MP: 4/4
  2046 | D:3      | Slain by an orc

Illustrated notes

Levels and vault maps discovered:
D:1:      shiori_arrival_maze, layout_basic, minmay_statues_item
D:2:      layout_basic
D:3:      layout_loops_ring, gammafunk_ghost_smash, minmay_ogre_servants

Skill      XL: |  1  2  3 |
---------------+----------+-----
Stealth        | 1 |  1.8
Fighting       | 2 |  2.4
Dodging        | |  1.7
Unarmed Combat | |  3.6
Shapeshifting  | |  3.4

Action                     |  1- 3 |  4- 6 || total
---------------------------+-------+-------++-------
  Melee: Unarmed           |   120 |    29 ||   149
         Tailslap          |    19 |     3 ||    22
         Punch             |     1 |       ||     1
 Armour: Skin              |    64 |    16 ||    80
  Dodge: Dodged            |    68 |    16 ||    84
   Form: Flux              |     1 |       ||     1

Table legend: (Time is in decaauts)
 A = Elapsed time spent in this place.
 B = Non-inter-level travel time spent in this place.
 C = Inter-level travel time spent in this place.
 D = Time resting spent in this place.
 E = Time spent auto-exploring this place.
 F = Levels seen in this place.
 G = Mean time per level.
                   A        B        C        D        E       F      G
               +--------+--------+--------+--------+--------+-----+--------+
         Total |   2038 |   2033 |      5 |      0 |   1696 |   3 |  679.3 |
       Dungeon |   2038 |   2033 |      5 |      0 |   1696 |   3 |  679.3 |
               +--------+--------+--------+--------+--------+-----+--------+

Top non-repeatable levels by time:
     D:1: 840 daAuts
     D:2: 796 daAuts
     D:3: 401 daAuts
